cohdb
Replays
Latest Replays
All Replays
Popular Replays
Top Player Replays
Match Explorer
How It Works
Community
CoH3 Stats
Reddit
Sign in to upload your games and track your stats! →
Sign in with Steam
Match 45621301
Unlisted
Match 45621301
Overview
Messages
Build Orders
End
Kettenkrad Recon Vehicle
Construct Infanterie Kompanie
Selects Mechanized Battlegroup
MG 42 Machine Gun Team
Grenadier Squad
GrW 34 Mortar Team
Construct Panzergrenadier Kompanie
Panzergrenadier Squad
Panzergrenadier Squad
Panzergrenadier Officer Quarters
Selects Raid Package
Pioneer Squad
Pak 40 Anti-tank Gun Team
Support Elements
Nebelwerfer 42 Rocket Launcher Team
Medical Station
StuG III G Assault Gun
Selects 8 Rad Armored Car
Side Skirts
StuG III G Assault Gun
VndctL
[PD]Folscher
Link626
[PD] [9C] [FT] Claudius Tacitus
Stormless
jaws2005
6ec95vjq
WrebbsJohnsonGiver
0
0
Comments
sign in to comment!
No comments posted yet!